 Dungeon Crawl Stone Soup version 0.15.2 (webtiles) character file.

28 HopeRidesAlone the Insei (level 3, -3/29 HPs)
             Began as a Mummy Monk on Oct 22, 2015.
             Slain by Terence
             ... wielding a +0 hand axe
              (6 damage)
             ... on Level 2 of the Dungeon.
             The game lasted 00:01:35 (1641 turns).

HopeRidesAlone the Insei (Mummy Monk)               Turns: 1641, Time: 00:01:35

HP  -3/29        AC  0     Str 14      XL: 3   Next:  0%
MP   3/3         EV 13     Int  9      God:
Gold 92          SH  0     Dex 15      Spells:  0 memorised,  2 levels left

rFire  x . .     SeeInvis .       - Unarmed
rCold  + . .     Clarity  .     (no armour)
rNeg   + + +     rCorr    .     (no shield)
rPois  +         rRot     +     (no helmet)
rElec  .         Spirit   .     (no cloak)
SustAb .         Warding  .     (no gloves)
rMut   .         Stasis   .     (no boots)
Gourm  .                        (no amulet)
MR     .....                    (no ring)
                                (no ring)

@: not resistant to hostile enchantments, unstealthy
A: no food or potions, fire vulnerability, restore body, cold resistance 1,
negative energy resistance 3, poison resistance, torment resistance, unbreathing
a: no special abilities


You were on level 2 of the Dungeon.
You were not hungry.

You visited 1 branch of the dungeon, and saw 2 of its levels.

You collected 92 gold pieces.


Innate Abilities, Weirdness & Mutations

You do not eat or drink.
Your flesh is vulnerable to fire.
Your flesh is cold resistant.
You are immune to negative energy.
Your system is resistant to poisons.
You are immune to unholy pain and torment.
You can survive without breathing.


   Skills:
 - Level 3.0 Fighting
 - Level 2.4 Dodging
 - Level 1.5 Stealth
 + Level 4.1 Unarmed Combat


You had 2 spell levels left.
You didn't know any spells.

Inventory:

Armour
 a - a +0 robe
Scrolls
 b - a scroll of enchant armour {unknown}
 c - a scroll of random uselessness {unknown}
 d - a scroll of amnesia {unknown}
 e - a scroll of enchant weapon {unknown}
 f - a scroll of identify {unknown}
 g - a scroll of magic mapping {unknown}

Dungeon Overview and Level Annotations

Branches:
Dungeon (2/15)

Altars:

Annotations:
D:2 Terence

...# ##.## #.# #.##.#
.### #.# #.# #.##.# .#
#.# #.###.##.# .# ##'##
#(.......# .# ##...##
#####.#### ## ##.....##
#.# ## ##.......## #.##
.####.........####...##
....'.........'.M.....#
.####.........###@...##
## ##.......## .#.## #
##.....## .### ##...##
.# #########'## .#
#.......#.# .#
#.......#.# .#
#.####..#.## .


You could see Terence.


Message History

You hit Terence but do no damage.
Terence is heavily wounded.
Terence misses you.
You barely miss Terence.
Terence is heavily wounded.
You hit Terence but do no damage.
Terence is heavily wounded.
Terence hits you with a hand axe!
* * * LOW HITPOINT WARNING * * *
You are too injured to fight recklessly!
You are too injured to fight recklessly!
You are too injured to fight recklessly!
You are too injured to fight recklessly!
You are too injured to fight recklessly!
You are too injured to fight recklessly!
You barely miss Terence.
Terence is moderately wounded.
Terence hits you with a hand axe.
* * * LOW HITPOINT WARNING * * *
You hit Terence but do no damage.
Terence is moderately wounded.
Terence hits you but does no damage.
You hit Terence but do no damage.
Terence is moderately wounded.
Terence hits you with a hand axe.
* * * LOW HITPOINT WARNING * * *
You completely miss Terence.
Terence is moderately wounded.
Terence hits you with a hand axe.
You die...

Action                   || total
-------------------------++-------
Melee: Unarmed           ||   108
 Stab: Sleeping          ||     2

Vault maps used:
D:1:      minmay_arrival_arboretum_small, minmay_misc_feat_nine_boxes,
          corexii_hall_statues_t, st_stairs_5, minmay_misc_feat_tower,
          glass_columns_a, roderic_cross_of_infinity, minmay_hedge_maze,
          nrook_uturn
D:2:      uniq_terence

Notes
Turn   | Place    | Note
--------------------------------------------------------------
     0 | D:1      | HopeRidesAlone, the Mummy Monk, began the quest for the Orb.
     0 | D:1      | Reached XP level 1. HP: 18/18 MP: 1/1
   737 | D:1      | Reached XP level 2. HP: 16/24 MP: 2/2
  1385 | D:2      | Reached skill level 4 in Unarmed Combat
  1421 | D:2      | Noticed Terence
  1610 | D:2      | Reached XP level 3. HP: 22/29 MP: 3/3
  1641 | D:2      | Slain by Terence

Vanquished Creatures
  2 giant geckos (D:2)
  5 bats
  4 hobgoblins
  2 jackals (D:1)
  3 kobolds (D:1)
  2 giant newts
  5 goblins
  4 rats
27 creatures vanquished.
